 Dungeon Crawl Stone Soup version 0.30.0-29-ga12c61a403 (webtiles) character file.

Game seed: 4243065605263442079

294 FallenXxXSky the Covert (level 6, -10/53 HPs)
             Began as a Gnoll Delver on June 15, 2023.
             Mangled by a gnoll sergeant
             ... wielding a +1 trident of freezing
              (15 damage)
             ... on level 5 of the Dungeon.
             The game lasted 00:07:43 (4271 turns).

FallenXxXSky the Covert (Gnoll Delver)              Turns: 4271, Time: 00:07:44

Health: -10/53     AC:  6    Str: 14    XL:     6   Next: 33%
Magic:  9/9        EV: 16    Int:  9    God:
Gold:   118        SH:  0    Dex: 13    Spells: 9/9 levels left

rFire   + . .        l - +0 war axe
rCold   . . .        (no shield)
rNeg    . . .        u - +0 scale mail
rPois   .            (no helmet)
rElec   .            (no cloak)
rCorr   .            (no gloves)
SInv    .            (no boots)
Will    .....        (no amulet)
Stlth   +++          e - ring of protection from fire
HPRegen 0.28/turn    s - +5 ring of evasion
MPRegen 0.11/turn

%: no passive effects
@: no status effects
A: fangs 1, strong nose, distributed training
a: no special abilities


You were on level 5 of the Dungeon.
You visited 2 branches of the dungeon, and saw 6 of its levels.

You collected 208 gold pieces.
You spent 90 gold pieces at shops.

Inventory:

Hand Weapons
 l - a +0 war axe (weapon)
Armour
 u - a +0 scale mail (worn)
Jewellery
 e - a ring of protection from fire (left hand)
 s - a +5 ring of evasion (right hand)
 C - a +4 ring of protection
Wands
 g - a wand of digging (3)
 i - a wand of paralysis (9)
 t - a wand of flame (21)
 v - a wand of quicksilver (3)
Scrolls
 a - a scroll of immolation {unknown}
 b - a scroll of enchant weapon {unknown}
 c - 3 scrolls of fog
 d - a scroll of amnesia {unknown}
 k - a scroll of fear
 m - a scroll of silence {unknown}
 o - 3 scrolls of teleportation {unknown}
 r - a scroll of magic mapping
 w - a scroll of vulnerability {unknown}
 x - 2 scrolls of identify
 y - a scroll of noise {unknown}
 D - a scroll of summoning {unknown}
Potions
 f - 2 potions of invisibility
 h - a potion of lignification {unknown}
 j - a potion of flight
 n - a potion of magic {unknown}
 p - a potion of ambrosia {unknown}
 q - a potion of brilliance {unknown}
 z - a potion of curing
 A - a potion of might {unknown}
 B - a potion of attraction {unknown}


   Skills:
 + Level 6.8 Fighting
 + Level 2.0 Short Blades
 + Level 2.0 Long Blades
 + Level 5.0 Axes
 + Level 2.0 Maces & Flails
 + Level 2.0 Polearms
 + Level 2.0 Staves
 + Level 2.0 Ranged Weapons
 + Level 2.0 Throwing
 + Level 2.0 Armour
 + Level 5.0 Dodging
 + Level 9.8 Stealth
 + Level 2.0 Shields
 + Level 2.0 Unarmed Combat
 + Level 2.0 Spellcasting
 + Level 1.5 Conjurations
 + Level 1.5 Hexes
 + Level 1.5 Summonings
 + Level 1.5 Necromancy
 + Level 1.5 Translocations
 + Level 1.5 Transmutations
 + Level 1.5 Fire Magic
 + Level 1.5 Ice Magic
 + Level 1.5 Air Magic
 + Level 1.5 Earth Magic
 + Level 1.5 Poison Magic
 + Level 2.2 Invocations
 + Level 2.0 Evocations


You had 9 spell levels left.
You didn't know any spells.
Your spell library contained the following spells:

 Spells                   Type           Power      Damage    Failure   Level
 Magic Dart               Conj           12%        1d3       58%         1
 Necrotise                Necr           12%        1d4       58%         1
 Call Imp                 Summ           6%         N/A       73%         2
 Static Discharge         Conj/Air       6%         2-3/arc   73%         2
 Mephitic Cloud           Conj/Pois/Air  3%         N/A       91%         3
 Vampiric Draining        Necr           3%         2d6       91%         3
 Airstrike                Air            1%         2d(1-17)  100%        4
 Summon Lightning Spire   Summ/Air       3%         N/A       100%        4
 Agony                    Necr           3%         N/A       100%        5


Dungeon Overview and Level Annotations

Branches:
Dungeon (5/15)             Temple (1/1) D:5

Altars:
Ashenzari
Cheibriados
Dithmenos
Gozag
Hepliaklqana
Kikubaaqudgha
Nemelex Xobeh
Qazlal
Ru
Sif Muna
Uskayaw
Vehumet
Yredelemnul
Zin
The Shining One

Shops:
D:1 :

Annotations:
D:4 Dowan, Duvessa


Innate Abilities, Weirdness & Mutations

You have very sharp teeth.
Your uncanny sense of smell can sniff out nearby items.
Your experience applies equally to all skills.


Message History

Found 13 gold pieces.
There are monsters nearby!
There are monsters nearby!
A gnoll sergeant comes into view.
It is wielding a +1 trident of freezing.
There are monsters nearby!
The gnoll sergeant shouts!
You hear a shout!
A scorpion comes into view.
A gnoll comes into view. It is wielding a +0 halberd.
You hear a shout!
There are monsters nearby!
A gnoll comes into view. It is wielding a +0 spear.
The gnoll shouts! x2
An orc comes into view. It is wielding a +0 club. x2
An orc comes into view. It is wielding a +0 club.
The orc shouts!
You hear a shout!
An orc wizard comes into view. It is wielding a +0 dagger.
The gnoll attacks as you move away! The gnoll closely misses you.
The gnoll attacks as you move away! The gnoll barely misses you.
You barely miss the gnoll. The gnoll closely misses you.
The gnoll sergeant hits you from afar with a +1 trident of freezing!
The gnoll sergeant freezes you.
You slash the gnoll!
The gnoll is severely wounded.
The gnoll sergeant hits you from afar with a +1 trident of freezing!
The gnoll sergeant freezes you. The gnoll barely misses you.
The gnoll sergeant hits you from afar with a +1 trident of freezing!
The gnoll sergeant freezes you.
* * * LOW HITPOINT WARNING * * *
The gnoll closely misses you. The gnoll attacks as you move away!
The gnoll barely misses you. The gnoll attacks as you move away!
The gnoll hits you with a +0 club.
* * * LOW HITPOINT WARNING * * *
The gnoll attacks as you move away! The gnoll hits you with a +0 club.
* * * LOW HITPOINT WARNING * * *
Aiming: Paralyse
Press: ? - help, Shift-Dir - straight line, f - gnoll
Aim: a gnoll, wielding a +0 club (severely wounded, chance to affect: 63%)
The gnoll suddenly stops moving!
The gnoll sergeant hits you from afar with a +1 trident of freezing!
You die...

#....#.#.##.# #.#.........#
#### ###...#.⌠.#...####..## *
....#.......#...##...#### **#
..#...⌠.>.⌠...#.##.#....# *..
....#.......#...##.####.##
*##.# ......#.⌠.#....###.#
#..# ##...#
............#..##..# ##.#
#..#..
####.#.#.#...sgg@..#####.#
#.##.#
#.......##.###......#.###(##.#
####.#.###.##..####.†.....##.#
#...##..##.##........#....#
######s###.#..######.###...
#o#*#.#.#* #.<...># #g##....#
##>..#.. #g....#** #.#####
***** #g.##.# *#.# *


You could see a gnoll sergeant, a scorpion and a gnoll (paralysed).

Vanquished Creatures
  A scorpion (D:3)
  A hound (Temple)
  A jelly (D:5)
  An iguana (D:4)
  3 gnolls
  2 adders
  5 worms
  4 dart slugs
  An orc (D:3)
  3 endoplasms
  8 giant cockroaches (D:2)
  5 goblins
  6 hobgoblins
  3 jackals (D:3)
  2 quokkas
  10 ball pythons
  7 bats
  6 frilled lizards
  8 kobolds
  3 rats
80 creatures vanquished.

Notes
Turn   | Place    | Note
-------+----------+-------------------------------------------
     0 | D:5      | Reached skill level 9 in Stealth
     0 | D:5      | FallenXxXSky the Gnoll Delver began the quest for the Orb.
     0 | D:5      | Reached XP level 1. HP: 23/23 MP: 1/1
    13 | D:5      | Noticed a hound
    16 | D:5      | Noticed a jelly
    18 | D:5      | Found a staircase to the Ecumenical Temple.
    27 | Temple   | Entered the Ecumenical Temple
    34 | Temple   | Killed a hound
    35 | Temple   | Reached XP level 2. HP: 15/29 MP: 1/3
    35 | Temple   | Reached XP level 3. HP: 19/35 MP: 1/4
   556 | D:4      | Reached skill level 1 in Invocations
   657 | D:4      | Noticed Dowan
   659 | D:4      | Found a shadowy altar of Dithmenos.
   659 | D:4      | Noticed Duvessa
   973 | D:2      | Reached skill level 1 in Short Blades
   973 | D:2      | Reached skill level 1 in Long Blades
   973 | D:2      | Reached skill level 1 in Maces & Flails
   973 | D:2      | Reached skill level 1 in Polearms
   973 | D:2      | Reached skill level 1 in Staves
   973 | D:2      | Reached skill level 1 in Ranged Weapons
   973 | D:2      | Reached skill level 1 in Throwing
   973 | D:2      | Reached skill level 1 in Armour
   973 | D:2      | Reached skill level 1 in Shields
   973 | D:2      | Reached skill level 1 in Unarmed Combat
   973 | D:2      | Reached skill level 1 in Spellcasting
   973 | D:2      | Reached skill level 1 in Evocations
  1076 | D:1      | Reached XP level 4. HP: 27/41 MP: 5/5
  1586 | D:1      | Found a faded altar of an unknown god.
  1599 | D:1      | Reached skill level 1 in Conjurations
  1599 | D:1      | Reached skill level 1 in Hexes
  1599 | D:1      | Reached skill level 1 in Summonings
  1599 | D:1      | Reached skill level 1 in Necromancy
  1599 | D:1      | Reached skill level 1 in Translocations
  1599 | D:1      | Reached skill level 1 in Transmutations
  1599 | D:1      | Reached skill level 1 in Fire Magic
  1599 | D:1      | Reached skill level 1 in Ice Magic
  1599 | D:1      | Reached skill level 1 in Air Magic
  1599 | D:1      | Reached skill level 1 in Earth Magic
  1599 | D:1      | Reached skill level 1 in Poison Magic
  1654 | D:1      | Found Zetonag's Book Shoppe.
  2249 | D:2      | Reached XP level 5. HP: 47/47 MP: 7/7
  3385 | D:3      | Found a glowing silver altar of Zin.
  3392 | D:3      | Found Zin's Purification Station.
  3398 | D:3      | Bought a potion of curing for 90 gold pieces
  3688 | D:4      | Reached XP level 6. HP: 53/53 MP: 8/8
  4072 | D:5      | Reached skill level 5 in Axes
  4072 | D:5      | Reached skill level 5 in Dodging
  4271 | D:5      | Mangled by a gnoll sergeant

Illustrated notes

Levels and vault maps discovered:
D:1:      minmay_arrival_doors, layout_basic, serial_shops,
          nicolae_shop_pleasant_corner_grove,
          dreamdust_ecumenical_altar_statues, minivault_14,
          nicolae_grassy_gnolls
D:2:      minmay_roachtagon, layout_basic, hex_intersection
D:3:      layout_basic, zin_purify, minmay_misc_feat_tiny
D:4:      layout_loops_ring, grunt_dithmenos_smoke_and_mirrors, uniq_duvessa
D:5:      layout_rooms, minmay_temple_entry_sparse_star
Temple:   nicolae_temple_bog_church

Skill      XL: |  1  2  3  4  5  6 |
---------------+-------------------+-----
Stealth        | |  9.8
Invocations    | 1 2 |  2.2
Short Blades   | 1 2 |  2.0
Long Blades    | 1 2 |  2.0
Maces & Flails | 1 2 |  2.0
Polearms       | 1 2 |  2.0
Staves         | 1 2 |  2.0
Ranged Weapons | 1 2 |  2.0
Throwing       | 1 2 |  2.0
Armour         | 1 2 |  2.0
Shields        | 1 2 |  2.0
Unarmed Combat | 1 2 |  2.0
Spellcasting   | 1 2 |  2.0
Evocations     | 1 2 |  2.0
Conjurations   | 1 |  1.5
Hexes          | 1 |  1.5
Summonings     | 1 |  1.5
Necromancy     | 1 |  1.5
Translocations | 1 |  1.5
Transmutations | 1 |  1.5
Fire Magic     | 1 |  1.5
Ice Magic      | 1 |  1.5
Air Magic      | 1 |  1.5
Earth Magic    | 1 |  1.5
Poison Magic   | 1 |  1.5
Axes           | 5 |  5.0
Dodging        | 5 |  5.0
Fighting       | |  6.8

Action                     |  1- 3 |  4- 6 || total
---------------------------+-------+-------++-------
  Melee: Hand axe          |    72 |     8 ||    80
         Bite              |     9 |     9 ||    18
         War axe           |       |   140 ||   140
         Punch             |       |     3 ||     3
  Evoke: Wand              |       |     1 ||     1
    Use: Scroll            |     3 |     2 ||     5
         Potion            |     2 |       ||     2
   Stab: Sleeping          |     5 |    16 ||    21
 Armour: Leather armour    |     2 |       ||     2
         Ring mail         |    19 |    24 ||    43
         Scale mail        |       |    14 ||    14
  Dodge: Dodged            |    45 |    95 ||   140
